 Dungeon Crawl Stone Soup version 0.15-a0-1788-ga796aff (webtiles) character file.

8083 Conan321 the Thaumaturge (level 11, -1/60 HPs)
             Began as a Deep Elf Warper on June 29, 2014.
             Was a Priest of Vehumet.
             Slain by a komodo dragon (31 damage)
             ... on Level 1 of the Lair of Beasts.
             The game lasted 02:44:27 (15068 turns).

Conan321 the Thaumaturge (Deep Elf Warper)         Turns: 15068, Time: 02:44:27

HP  -1/60        AC 15     Str 12      XL: 11   Next:  5%
MP   0/32        EV 18     Int 16 (22) God: Vehumet [***...]
Gold 1536        SH  0     Dex 14      Spells:  7 memorised, 13 levels left

rFire  + + .     SeeInvis .     W - +1 hand axe of Beogh's Generosity {freeze, +Blink rF+ Str+1}
rCold  . . .     Clarity  .     B - +2 robe {rF+}
rNeg   . . .     rCorr    .     (no shield)
rPois  .         rRot     .     J - +2 helmet
rElec  .         Spirit   +     (no cloak)
SustAb .         Warding  .     C - +2 pair of gloves {Str+3}
rMut   .         Stasis   .     D - +2 pair of boots
Gourm  .                        z - amulet of guardian spirit
MR     +....                    (no ring)
                                g - +2 ring of protection

@: somewhat resistant to hostile enchantments, unstealthy
A: no striking features
a: Renounce Religion, Evoke Blink


You were on level 1 of the Lair of Beasts.
You worshipped Vehumet.
Vehumet was most pleased with you.
You were very hungry.

You visited 3 branches of the dungeon, and saw 12 of its levels.
You also visited: Sewer and Bailey.

You collected 1671 gold pieces.
You spent 135 gold pieces at shops.

Inventory:

Hand weapons
 b - a +0 blowgun
 E - a +3 short sword of speed
 M - a +1 dagger of venom
 P - a +2 dagger of freezing
 W - the +1 hand axe of Beogh's Generosity (weapon) {freeze, +Blink rF+ Str+1}
   (You found it on level 7 of the Dungeon)

   It has been specially enchanted to freeze those struck by it, causing extra
   injury to most foes and up to double damage against particularly susceptible
   opponents.
   It can also slow down cold-blooded creatures.
   It affects your strength (+1).
   It protects you from fire.
   It lets you blink.
 Y - a +0 shortbow of flaming
Missiles
 e - 24 poisoned needles
 i - 2 steel sling bullets
 w - 33 tomahawks of returning (quivered)
 F - 25 sling bullets
 T - 2 tomahawks
Armour
 B - a +2 robe of fire resistance (worn)
 C - a +2 pair of gloves of strength (worn)
 D - a +2 pair of boots (worn)
 J - a +2 helmet (worn)
Magical devices
 a - a wand of lightning (5)
 h - a wand of fire (9)
 m - a wand of slowing (9)
 n - a wand of slowing (11)
 v - a wand of confusion (0)
 X - a wand of confusion (4)
Comestibles
 f - 4 bread rations
 s - 4 meat rations
 A - a beef jerky
Scrolls
 j - 5 scrolls of identify
 u - 2 scrolls of remove curse
 x - a scroll of fear
 y - 2 scrolls of magic mapping
 H - 4 scrolls of teleportation
 K - a scroll of fog
 L - a scroll of random uselessness
 Q - a scroll of amnesia
Jewellery
 g - a +2 ring of protection (left hand)
 p - an uncursed amulet of resist mutation
 z - an amulet of guardian spirit (around neck)
Potions
 k - 3 potions of heal wounds
 l - 5 potions of curing
 o - 2 potions of poison
 q - 4 potions of restore abilities
 r - 2 potions of flight
 t - a potion of confusion
Books
 c - a book of Spatial Translocations

   Spells                             Type                      Level
   Apportation                        Translocation                1
   *Blink                             Translocation                2
   *Shroud of Golubria                Charms/Translocation         2
   Portal Projectile                  Translocation                3
   Teleport Other                     Translocation                3
   *Passage of Golubria               Translocation                4
Magical staves
 O - an uncursed staff of poison
Miscellaneous
 V - a sack of spiders {used: 1}


   Skills:
 + Level 3.4 Fighting
 + Level 3.3 Short Blades
 + Level 1.5 Axes
 + Level 8.6 Throwing
 + Level 2.7 Armour
 + Level 9.7 Dodging
 + Level 2.3 Stealth
 + Level 10.2 Spellcasting
 + Level 3.1 Conjurations
 + Level 4.9 Charms
 + Level 7.6 Translocations
 + Level 1.2 Ice Magic
 + Level 2.2 Air Magic
 + Level 0.2 Evocations


You had 13 spell levels left.
You knew the following spells:

 Your Spells              Type           Power        Failure   Level  Hunger
a - Shock                 Conj/Air       ###.         1%          1    None
b - Blink                 Tloc           N/A          1%          2    None
c - Shroud of Golubria    Chrm/Tloc      ####......   1%          2    None
d - Passage of Golubria   Tloc           N/A          4%          4    ###....
e - Searing Ray           Conj           ###...       1%          2    None
f - Throw Frost           Conj/Ice       ###...       2%          2    None
g - Airstrike             Air            ###.......   11%         4    ###....


Dungeon Overview and Level Annotations

Branches:
Dungeon (10/15)            Temple (1/1) D:6            Lair (1/8) D:10
    Orc: D:9-12

Altars:
Ashenzari
Dithmenos
Fedhas
Gozag
Makhleb
Okawaru
Qazlal
Sif Muna
Trog
Vehumet
Xom
Yredelemnul
Zin

Shops:
D:4 [

Annotations:
D:8 exclusion: 2 oklob saplings


Message History

The tomahawk of returning hits the komodo dragon.
The komodo dragon is heavily wounded.
The tomahawk of returning returns to your pack!
Casting: Blink
Confirm with . or Enter, or press ? or * to list all spells.
You blink.
Throwing (i - inventory. (,) - cycle):
w - 33 tomahawks of returning (quivered)
Press: ? - help, Shift-Dir - straight line, f/p - komodo dragon
Aim: a komodo dragon (heavily wounded)
You throw a tomahawk of returning.
The tomahawk of returning hits the komodo dragon!
The komodo dragon is severely wounded.
The tomahawk of returning returns to your pack!
You see here a rat corpse.
You closely miss the komodo dragon.
The komodo dragon is severely wounded.
Your shroud bends the komodo dragon's attack away.
The komodo dragon bites you!!
Ouch! That really hurt!
You die...

#.............###
#...........### #
#.........#.# ..
...#........### ?..r
..##.......## #...r. #
##.......# ##.......
##.....>## #...........
..........##
##...........
#.#..####@.#
#............ ### #l##
#............ .
##Sr###............ .r
#%r.##.............
+..(##...#.............
r.##..........%%.....
#.#.#...............
#+###.................#
..#...................##.


You could see a komodo dragon, an adder and 2 green rats.

Vanquished Creatures
  A spiny frog (Lair:1)
  A fire drake (D:10)
  2 trolls
  A hungry ghost (D:7)
  10 yaks
  2 steam dragons (D:6)
  A hippogriff (D:8)
  The ghost of cribozai the Sneak, an average HaAs (D:3)
  Edmund (D:8)
  A water moccasin (D:9)
  4 wolves (Lair:1)
  A phantom (D:4)
  An ice beast (D:8)
  2 centaurs (D:8)
  4 orc warriors (Bailey)
  A yellow wasp (D:8)
  3 ogres
  2 crocodiles
  Duvessa (D:8)
  A big kobold (Sewer)
  Blork the orc (D:8)
  A giant frog (D:8)
  6 wights
  9 killer bees (D:7)
  A giant frog zombie (D:6)
  Dowan (D:8)
  3 goliath beetles
  A centaur zombie (D:6)
  3 jellies
  A giant frog skeleton (D:10)
  3 hounds
  An orange rat (Lair:1)
  2 orc priests
  A big fish (Sewer)
  A gnoll shaman (D:4)
  7 worker ants
  8 orc wizards
  2 iguanas
  4 wandering mushrooms (D:8)
  A big kobold skeleton (D:7)
  A worker ant zombie (D:7)
  17 gnolls
  5 green rats
  4 shadow imps
  17 adders
  4 giant mites
  2 orc skeletons (D:10)
  10 giant geckos
  An ooze (D:5)
  26 orcs
  6 ball pythons
  7 bats
  A bat skeleton (D:8)
  8 giant cockroaches
  20 goblins
  16 hobgoblins
  7 jackals
  38 kobolds
  6 quokkas
  8 giant newts
  A giant newt skeleton (D:4)
  A hobgoblin skeleton (D:7)
  A jackal zombie (D:6)
  21 rats
326 creatures vanquished.

Vanquished Creatures (others)
  2 spiders (D:8)
2 creatures vanquished.

Grand Total: 328 creatures vanquished

Notes
Turn   | Place    | Note
--------------------------------------------------------------
     0 | D:1      | Conan321, the Deep Elf Warper, began the quest for the Orb.
     0 | D:1      | Reached XP level 1. HP: 12/12 MP: 5/5
   182 | D:1      | Reached XP level 2. HP: 12/16 MP: 8/8
   309 | D:1      | Reached skill level 1 in Armour
   501 | D:1      | Learned a level 2 spell: Blink
   577 | D:1      | Reached XP level 3. HP: 18/21 MP: 11/11
   581 | D:1      | Learned a level 2 spell: Shroud of Golubria
  2003 | D:3      | Reached skill level 4 in Translocations
  2003 | D:3      | Reached XP level 4. HP: 22/26 MP: 14/14
  2047 | D:3      | Noticed cribozai's ghost (average HaAs)
  2083 | D:3      | Killed cribozai's ghost
  2083 | D:3      | Reached XP level 5. HP: 26/30 MP: 4/18
  2207 | D:3      | Found a glowing drain.
  2245 | Sewer    | Entered a sewer
  2262 | Sewer    | Reached XP level 6. HP: 14/35 MP: 16/20
  2473 | Sewer    | Learned a level 4 spell: Passage of Golubria
  2970 | Sewer    | Found a white marble altar of Elyvilon.
  3205 | D:3      | Learned a level 3 spell: Portal Projectile
  4129 | D:4      | Found a deep blue altar of Sif Muna.
  4137 | D:4      | Became a worshipper of Sif Muna the Loreminder
  4231 | D:4      | Reached skill level 5 in Spellcasting
  4231 | D:4      | Reached XP level 7. HP: 39/39 MP: 17/22
  4319 | D:4      | Found Ugietias' Antique Armour Emporium.
  4330 | D:4      | Bought a pair of glowing gloves for 135 gold pieces
  4455 | D:4      | Paralysed by a potion of paralysis for 4 turns
  4575 | D:4      | Reached skill level 5 in Translocations
  4610 | D:4      | Reached skill level 1 in Charms
  4616 | D:4      | Reached skill level 5 in Throwing
  5571 | D:5      | Entered Level 5 of the Dungeon
  5576 | D:5      | Learned a level 3 spell: Teleport Other
  6926 | D:6      | Reached skill level 5 in Dodging
  6926 | D:6      | Reached XP level 8. HP: 28/45 MP: 9/24
  7623 | D:6      | Reached skill level 6 in Spellcasting
  7814 | D:6      | Reached skill level 1 in Stealth
  7891 | D:6      | Found a staircase to the Ecumenical Temple.
  7916 | Temple   | Entered the Ecumenical Temple
  7937 | Temple   | Fell from the grace of Sif Muna
  7937 | Temple   | Became a worshipper of Vehumet
  9075 | D:7      | Reached skill level 7 in Dodging
  9121 | D:7      | Reached XP level 9. HP: 30/49 MP: 20/27
  9216 | D:7      | Acquired Vehumet's first power
  9216 | D:7      | Offered knowledge of Shock by Vehumet.
  9429 | D:7      | Found a flagged portal.
  9438 | Bailey   | Entered a bailey
  9458 | Bailey   | Learned a level 1 spell: Shock
  9637 | Bailey   | Offered knowledge of Searing Ray by Vehumet.
  9809 | Bailey   | Learned a level 2 spell: Searing Ray
  9899 | D:7      | Got a crystal hand axe
  9900 | D:7      | Identified the +1 hand axe of Beogh's Generosity {freeze, +Blink rF+ Str+1} (You found it on level 7 of the Dungeon)
 10312 | D:8      | Reached skill level 8 in Dodging
 10387 | D:8      | Noticed Blork the orc
 10404 | D:8      | Noticed Edmund
 10438 | D:8      | HP: 1/50 [wandering mushroom (6)]
 10449 | D:8      | Killed Edmund
 10699 | D:8      | Killed Blork the orc
 10838 | D:8      | Reached skill level 1 in Conjurations
 10838 | D:8      | Reached skill level 1 in Air Magic
 10863 | D:8      | Found a blossoming altar of Fedhas.
 11231 | D:8      | Found a shimmering altar of Xom.
 11232 | D:8      | Found a shimmering altar of Xom.
 11233 | D:8      | Found a shimmering altar of Xom.
 11234 | D:8      | Reached XP level 10. HP: 56/56 MP: 29/29
 11240 | D:8      | Noticed a swamp dragon
 11240 | D:8      | a boulder beetle changed into a swamp dragon
 11246 | D:8      | Found a shimmering altar of Xom.
 11246 | D:8      | Found a shimmering altar of Xom.
 11247 | D:8      | Found a shimmering altar of Xom.
 11268 | D:8      | Noticed Duvessa
 11270 | D:8      | Noticed Dowan
 11270 | D:8      | Noticed a lindwurm
 11270 | D:8      | a swamp dragon changed into a lindwurm
 11274 | D:8      | Noticed an elephant
 11274 | D:8      | a lindwurm changed into an elephant
 11288 | D:8      | Noticed a deep troll
 11288 | D:8      | an elephant changed into a deep troll
 11297 | D:8      | Killed Duvessa
 11324 | D:8      | Killed Dowan
 11341 | D:8      | Noticed a great orb of eyes
 11467 | D:8      | Noticed a water nymph
 11471 | D:8      | Noticed an elephant
 11633 | D:8      | Noticed a wolf spider
 11749 | D:8      | Noticed a sea snake
 11750 | D:8      | Noticed an elephant
 11754 | D:8      | Noticed a water nymph
 12080 | D:10     | Entered Level 10 of the Dungeon
 12099 | D:10     | Found a staircase to the Lair.
 12334 | D:10     | Reached skill level 1 in Axes
 12334 | D:10     | Reached skill level 9 in Dodging
 12495 | D:10     | Offered knowledge of Throw Frost by Vehumet.
 12527 | D:10     | Learned a level 2 spell: Throw Frost
 13037 | D:10     | Acquired Vehumet's second power
 13651 | D:10     | Reached skill level 1 in Ice Magic
 14430 | Lair:1   | Entered Level 1 of the Lair of Beasts
 14488 | Lair:1   | Reached skill level 10 in Spellcasting
 14695 | Lair:1   | Reached XP level 11. HP: 19/60 MP: 11/32
 14952 | Lair:1   | Offered knowledge of Airstrike by Vehumet.
 14958 | Lair:1   | Learned a level 4 spell: Airstrike
 15068 | Lair:1   | Slain by a komodo dragon

Action                   |  1- 3 |  4- 6 |  7- 9 | 10-12 || total
-------------------------+-------+-------+-------+-------++-------
Melee: Short sword       |   138 |       |       |       ||   138
       Dagger            |     3 |   150 |   675 |       ||   828
       Staff             |       |       |    33 |       ||    33
       Hand axe          |       |       |   123 |   267 ||   390
 Fire: Blowgun           |       |       |    45 |       ||    45
Throw: Tomahawk          |    28 |   117 |   190 |   122 ||   457
 Cast: Blink             |     8 |    16 |    22 |    49 ||    95
       Shroud of Golubri |     2 |    13 |    68 |    31 ||   114
       Apportation       |     1 |       |       |       ||     1
       Passage of Golubr |       |     3 |     3 |       ||     6
       Portal Projectile |       |       |     3 |       ||     3
       Teleport Other    |       |       |     1 |       ||     1
       Shock             |       |       |    72 |    73 ||   145
       Searing Ray       |       |       |     6 |     1 ||     7
       Throw Frost       |       |       |       |    66 ||    66
       Airstrike         |       |       |       |     3 ||     3
 Abil: Evoke Blink       |       |       |     1 |       ||     1
Evoke: Wand              |     1 |       |     2 |     4 ||     7
       Sack of spiders   |       |       |     1 |       ||     1
  Use: Scroll            |     2 |     4 |    23 |     7 ||    36
       Potion            |       |       |    11 |     5 ||    16
 Stab: Sleeping          |       |       |     3 |     1 ||     4
